 Dungeon Crawl Stone Soup version 0.20-a0-1043-gbd57889 (webtiles) character file.

580 witty the Cutter (level 7, -1/46 HPs)
             Began as a Halfling Skald on Apr 25, 2017.
             Slain by an orc warrior
             ... wielding a +0 scimitar
              (19 damage)
             ... on level 5 of the Dungeon.
             The game lasted 00:08:10 (3380 turns).

witty the Cutter (Halfling Skald)                   Turns: 3380, Time: 00:08:11

Health: -1/46      AC:  4    Str: 12    XL:     7   Next: 63%
Magic:  5/9        EV: 17    Int: 11    God:
Gold:   164        SH:  0    Dex: 16    Spells: 6/9 levels left

rFire    . . .     SeeInvis +   i - +2 dagger (speed)
rCold    . . .     Gourm    .   (shield restricted)
rNeg     . . .     Faith    .   b - +0 leather armour
rPois    .         Spirit   .   n - +0 helmet
rElec    .         Reflect  .   (no cloak)
rCorr    .         Harm     .   (no gloves)
MR       .....                  (no boots)
Stlth    ++........             e - amulet of rage {+Rage, !d}
Regen    0.2/turn               o - ring of see invisible {sInv, !d}
MPRegen  0.2/turn               (no ring)

@: infused, singing, hasted, very quick
A: mutation resistance 1
a: Evoke Berserk Rage


You were on level 5 of the Dungeon.
You were not hungry.

You visited 1 branch of the dungeon, and saw 6 of its levels.

You collected 164 gold pieces.

Inventory:

Hand Weapons
 a - a +0 short sword
 i - a +2 dagger of speed (weapon)
   (You took it off a kobold on level 1 of the Dungeon)
Armour
 b - a +0 leather armour (worn)
 g - a +2 shield
   (You found it on level 6 of the Dungeon)
 n - a +0 helmet (worn)
   (You found it on level 2 of the Dungeon)
Jewellery
 e - an amulet of rage (around neck) {+Rage, !d}
   (You found it on level 1 of the Dungeon)
 o - a ring of see invisible (left hand) {sInv, !d}
   (You took it off a hobgoblin on level 2 of the Dungeon)
Scrolls
 k - a scroll of fear {unknown}
Potions
 j - a potion of curing
 l - a potion of brilliance {unknown}
 m - a potion of ambrosia {unknown}
 q - a potion of haste
Books
 c - a book of Battle
Comestibles
 d - 2 bread rations {@e1}
 f - 3 meat rations {@e2}
 h - 5 chunks of flesh {@w0}


   Skills:
 + Level 3.3 Fighting
 + Level 5.5 Short Blades
 - Level 1.1 Armour
 + Level 5.0 Dodging
 + Level 1.9 Stealth
 - Level 1.5 Spellcasting
 + Level 4.6 Charms


You had 6 spell levels left.
You knew the following spells:

 Your Spells              Type           Power        Failure   Level  Hunger
a - Infusion              Chrm           ##..         6%          1    ##.....
S - Song of Slaying       Chrm           ##......     9%          2    ###....


Dungeon Overview and Level Annotations

Branches:
Dungeon (6/15)
 Temple: D:4-7

Altars:
Cheibriados
Gozag
Zin

Annotations:
D:3 Grinder


Innate Abilities, Weirdness & Mutations

You are small and have problems with some larger weapons.
You are somewhat resistant to further mutation.


Message History

You take 6 damage, and have 28/46 hp.
You completely miss the shadow imp.
You begin infusing your attacks with magical energy.
The shadow imp shouts, "Slither hence, thou droning hasty-witted surfacer!"
The shadow imp misses you.
You now have 7/9 mp.
You hit the shadow imp. The shadow imp gestures at you.
Pain shoots through your body!
You take 1 damage, and have 27/46 hp.
You now have 6/9 mp.
You are too injured to fight recklessly!
You are too injured to fight recklessly!
You are too injured to fight recklessly!
You are too injured to fight recklessly!
You are too injured to fight recklessly!
You are too injured to fight recklessly!
You are too injured to fight recklessly!
You are too injured to fight recklessly!
You hit the shadow imp but do no damage.
You hit the shadow imp.
You kill the shadow imp!
You now have 5/9 mp.
You start resting.
Your magical infusion is running out.
Unknown command.
You start resting.
You are no longer magically infusing your attacks.
You start resting.
Health restored: 46; MP restored: 9 Unknown command.
Eating one of 4 chunks of flesh {@w0}.
You eat one of the 4 chunks of flesh {@w0}.
An orc comes into view. It is wielding a flail.
The orc shouts!
An orc is nearby!
An orc is nearby!
An orc is nearby!
You hit the orc. The orc barely misses you.
You hit the orc.
You kill the orc!
No target in view!
No target in view!
Things that are here:
a flail; a leather armour; an orc corpse You butcher the orc corpse.
h - 5 chunks of flesh {@w0} (gained 2)
Things that are here:
a flail; a leather armour; an orc skeleton An orc comes into view.
It is wielding a mace.
An orc is nearby!
An orc is nearby!
An orc is nearby!
An orc warrior comes into view. It is wielding a scimitar.
You closely miss the orc warrior.
The orc shouts!
You hit the orc warrior.
You hear a shout! x2
The orc warrior hits you with a scimitar!
An orc comes into view. It is wielding a hand axe.
You take 10 damage, and have 36/46 hp.
MASSIVE DAMAGE!!
Things that are here:
a shortbow; 2 arrows An orc comes into view.
There is a stone staircase leading up here.
The orc warrior barely misses you.
You climb upwards.
There is a stone staircase leading down here.
You don't know that spell.
You begin infusing your attacks with magical energy.
The orc warrior misses you.
You now have 8/9 mp.
You start singing a song of slaying.
You now have 6/9 mp.
You barely miss the orc warrior. The orc warrior closely misses you.
You hit the orc warrior.
You now have 5/9 mp.
You hit the orc warrior but do no damage.
The orc warrior hits you with a scimitar!
You take 10 damage, and have 27/46 hp.
MASSIVE DAMAGE!!
You hit the orc warrior but do no damage.
You barely miss the orc warrior. You hit the orc warrior.
The orc warrior hits you with a scimitar!!
* * * LOW HITPOINT WARNING * * *
You take 21 damage, and have 7/46 hp.
MASSIVE DAMAGE!!
You now have 4/9 mp.
You feel better. The orc warrior completely misses you.
You regained 11 hp, and now have 18/46 hp.
It was a potion of haste.
You feel yourself speed up.
You fail to use your ability.
The orc warrior closely misses you.
You fail to use your ability.
The orc warrior closely misses you.
You fail to use your ability.
You fail to use your ability.
The orc warrior hits you with a scimitar!!
You die... .######## ......o@# #########

You could see an orc warrior.

Vanquished Creatures
  Eustachio (D:6)
  A centaur (D:6)
  2 bullfrogs (D:6)
  A crimson imp (D:6)
  A hound (D:4)
  Jessica (D:3)
  An iguana (D:6)
  3 gnolls (D:6)
  3 adders
  A shadow imp (D:6)
  4 worms
  A dart slug (D:2)
  3 orcs
  3 giant cockroaches
  7 goblins
  9 hobgoblins
  A quokka (D:2)
  A ball python (D:3)
  6 bats
  4 kobolds
  A quokka zombie (D:6)
  11 rats
66 creatures vanquished.

Notes
Turn   | Place    | Note
-------+----------+-------------------------------------------
     0 | D:1      | witty the Halfling Skald began the quest for the Orb.
     0 | D:1      | Reached XP level 1. HP: 14/14 MP: 3/3
   184 | D:1      | Reached XP level 2. HP: 12/19 MP: 0/4
   308 | D:1      | Reached skill level 3 in Short Blades
   578 | D:1      | Reached skill level 3 in Dodging
   578 | D:1      | Reached XP level 3. HP: 24/24 MP: 5/5
   793 | D:2      | Learned a level 2 spell: Song of Slaying
  1228 | D:2      | Reached XP level 4. HP: 29/29 MP: 2/6
  1379 | D:2      | Reached skill level 4 in Short Blades
  1608 | D:3      | Noticed Jessica
  1627 | D:3      | Killed Jessica
  1627 | D:3      | Reached skill level 2 in Fighting
  1627 | D:3      | Reached XP level 5. HP: 33/34 MP: 1/7
  1853 | D:3      | Found a glowing silver altar of Zin.
  1855 | D:3      | Found a snail-covered altar of Cheibriados.
  1876 | D:3      | Noticed Grinder
  1888 | D:3      | Paralysed by Grinder for 7 turns
  2158 | D:4      | Reached skill level 4 in Dodging
  2430 | D:4      | You fall through a shaft for 2 floors!
  2430 | D:6      | Noticed Eustachio
  2487 | D:6      | Killed Eustachio
  2487 | D:6      | Reached skill level 5 in Short Blades
  2487 | D:6      | Reached skill level 4 in Charms
  2487 | D:6      | Reached XP level 6. HP: 24/41 MP: 4/8
  2655 | D:6      | Found an opulent altar of Gozag.
  2730 | D:6      | Reached skill level 3 in Fighting
  2730 | D:6      | Reached XP level 7. HP: 32/46 MP: 4/9
  2773 | D:6      | Reached skill level 1 in Stealth
  3072 | D:6      | Reached skill level 5 in Dodging
  3366 | D:5      | Entered Level 5 of the Dungeon
  3374 | D:5      | HP: 7/46 [orc warrior/scimitar (21)]
  3380 | D:5      | Slain by an orc warrior

Vault maps used:
D:1:      onia_arrival_larder, roderic_malta_cross
D:2:      first_bread, kennysheep_pointless_box
D:3:      nicolae_overflow_hidden_temple, okawaru_gym_becter, uniq_grinder,
          uniq_jessica
D:4:      lemuel_round_altar, minivault_4, uniq_duvessa
D:5:      lemuel_coloured_pillars_altar, minmay_temple_entry_overgrown,
          basic_altar
D:6:      lemuel_ice_spiral_2, kennysheep_little_box, minmay_tree_intersection,
          nicolae_lava_and_water, nicolae_gozag_cash_rules_everything_around_me,
          uniq_menkaure, uniq_eustachio

Skill      XL: |  1  2  3  4  5  6  7 |
---------------+----------------------+-----
Short Blades   | 3 4 5 |  5.5
Dodging        | 3 4 5 |  5.0
Fighting       | 2 3 |  3.3
Charms         | 4 |  4.6
Stealth        | 1 |  1.9
Armour         | |  1.1
Spellcasting   | |  1.5

Action                   |  1- 3 |  4- 6 |  7- 9 || total
-------------------------+-------+-------+-------++-------
Melee: Short sword       |    40 |       |       ||    40
       Dagger            |    59 |   119 |    85 ||   263
Throw: Tomahawk          |       |     5 |       ||     5
 Cast: Infusion          |    13 |     8 |     4 ||    25
       Song of Slaying   |       |       |     3 ||     3
  Use: Scroll            |     2 |     3 |       ||     5
       Potion            |       |     1 |     2 ||     3
 Stab: Sleeping          |     1 |     3 |       ||     4
       Invisible         |       |     2 |       ||     2
       Distracted        |       |       |     1 ||     1
  Eat: Chunk             |     1 |     5 |     3 ||     9
Armor: Leather armour    |    12 |    23 |     4 ||    39
Dodge: Dodged            |    45 |   130 |    39 ||   214

Vault maps used:
D:1:      onia_arrival_larder, roderic_malta_cross
D:2:      first_bread, kennysheep_pointless_box
D:3:      nicolae_overflow_hidden_temple, okawaru_gym_becter, uniq_grinder,
          uniq_jessica
D:4:      lemuel_round_altar, minivault_4, uniq_duvessa
D:5:      lemuel_coloured_pillars_altar, minmay_temple_entry_overgrown,
          basic_altar
D:6:      lemuel_ice_spiral_2, kennysheep_little_box, minmay_tree_intersection,
          nicolae_lava_and_water, nicolae_gozag_cash_rules_everything_around_me,
          uniq_menkaure, uniq_eustachio

Table legend:
 A = Turns spent in this place as a percentage of turns spent in the entire game.
 B = Non-inter-level travel turns spent in this place as a percentage of non-inter-level travel turns spent in the entire game.
 C = Inter-level travel turns spent in this place as a percentage of turns spent in this place.
 D = Turns resting spent in this place as a percentage of non-inter-level travel turns spent in this place.
 E = Turns spent auto-exploring this place as a percentage of non-inter-level travel turns spent in this place.
 F = Non-inter-level travel turns spent in this place divided by the number of levels of this place that you've seen.
                   A       B       C       D       E      F
               +-------+-------+-------+-------+-------+----------------------
         Total | 100.0 | 100.0 |   0.6 |   6.1 |   5.4 | 202.7
       Dungeon | 100.0 | 100.0 |   0.6 |   6.1 |   5.4 | 202.7
               +-------+-------+-------+-------+-------+----------------------

Table legend:
 A = Kills in this place as a percentage of kills in entire the game.
 B = Kills by you in this place as a percentage of kills by you in the entire game.
 C = Kills by friends in this place as a percentage of kills by friends in the entire game.
 D = Other kills in this place as a percentage of other kills in the entire game.
 E = Experience gained in this place as a percentage of experience gained in the entire game.
 F = Experience gained in this place divided by the number of levels of this place that you have seen.
                   A       B       C       D       E      F
               +-------+-------+-------+-------+-------+----------------------
         Total | 100.0 | 100.0 |  -nan |  -nan | 100.0 | 138.2
       Dungeon | 100.0 | 100.0 |  -nan |  -nan | 100.0 | 138.2
               +-------+-------+-------+-------+-------+----------------------
